 Dungeon Crawl Stone Soup version 0.30.0 (webtiles) character file.

Game seed: 18064657708746272396

3201 Dani the Carver (level 9, -2/63 HPs)
             Began as a Demonspawn Fighter on May 19, 2023.
             Was a Priest of Okawaru.
             Slain by a two-headed ogre
             ... wielding a +0 giant club
              (22 damage)
             ... on level 7 of the Dungeon on May 20, 2023.
             The game lasted 00:16:56 (7668 turns).

Dani the Carver (Demonspawn Fighter)                Turns: 7668, Time: 00:16:56

Health: -2/63      AC: 10    Str: 16    XL:     9   Next: 65%
Magic:  11/13      EV: 13    Int: 14    God:    Okawaru [***...]
Gold:   147        SH:  6    Dex: 19    Spells: 8/8 levels left

rFire   . . .        i - +0 demon blade
rCold   . . .        c - +0 buckler
rNeg    . . .        b - +0 scale mail
rPois   .            (no helmet)
rElec   .            n - +1 cloak
rCorr   .            (no gloves)
SInv    .            (no boots)
Will    .....        (no amulet)
Stlth   ++           f - +6 ring of dexterity
HPRegen 0.30/turn    (no ring)
MPRegen 0.13/turn

%: no passive effects
@: heroic
A: foul stench 1, sturdy frame 1, weakness stinger 2
a: Renounce Religion, Heroism


You were on level 7 of the Dungeon.
You worshipped Okawaru.
Okawaru was most pleased with you.
You visited 2 branches of the dungeon, and saw 8 of its levels.

You collected 373 gold pieces.
You spent 226 gold pieces at shops.

Inventory:

Hand Weapons
 a - a +0 war axe
 i - a +0 demon blade (weapon)
   (You found it on level 2 of the Dungeon)
 j - a +0 sling of flaming
   (You found it on level 5 of the Dungeon)
 z - a +0 broad axe
   (You found it on level 6 of the Dungeon)
Missiles
 d - a curare-tipped dart
 p - 2 poisoned darts (quivered)
 Z - a throwing net
Armour
 b - a +0 scale mail (worn)
 c - a +0 buckler (worn)
 n - a +1 cloak (worn)
   (You found it on level 3 of the Dungeon)
 t - a scarf of harm
   (You bought it in a shop on level 4 of the Dungeon)
Jewellery
 f - a +6 ring of dexterity (left hand)
   (You found it on level 1 of the Dungeon)
 h - a ring of fire
   (You found it on level 1 of the Dungeon)
 l - a ring of flight
   (You found it on level 5 of the Dungeon)
 m - a ring of ice
   (You found it on level 3 of the Dungeon)
Wands
 g - a wand of polymorph (2)
   (You found it on level 2 of the Dungeon)
 D - a wand of digging (5)
   (You found it on level 6 of the Dungeon)
Scrolls
 r - a scroll of immolation {unknown}
 v - a scroll of fog
 A - 2 scrolls of fear
 B - a scroll of enchant armour
 M - a scroll of magic mapping
 R - 3 scrolls of identify {@r1}
Potions
 e - a potion of ambrosia
 k - a potion of attraction
 o - a potion of heal wounds
 q - a potion of magic {unknown}
 s - 2 potions of berserk rage {unknown}
 u - a potion of cancellation {unknown}
 w - 3 potions of flight
 x - a potion of mutation {unknown}
 y - a potion of degeneration
 Q - a potion of curing {@q1}


   Skills:
 - Level 3.0(8.0) Fighting
 * Level 11.4(16.4) Long Blades
 - Level 2.9(7.9) Axes
 - Level 2.6(7.6) Armour
 - Level 2.6(7.6) Shields
 - Level 6.0 Invocations


You had 8 spell levels left.
You didn't know any spells.
Your spell library contained the following spells:

 Spells                   Type           Power      Damage    Failure   Level
 Sting                    Tmut/Pois      0%         1d3       58%         1
 Ensorcelled Hibernation  Hex/Ice        0%         N/A       73%         2
 Poisonous Vapours        Pois/Air       0%         N/A       73%         2
 Spider Form              Tmut/Pois      0%         N/A       91%         3
 Stone Arrow              Conj/Erth      0%         3d7       91%         3
 Anguish                  Hex/Necr       0%         N/A       100%        4
 Olgreb's Toxic Radiance  Pois           0%         N/A       100%        4
 Lehudib's Crystal Spear  Conj/Erth      0%         10d2      100%        8
 Animate Armour           Summ/Erth      Unusable   N/A       N/A         4

Dungeon Overview and Level Annotations

Branches:
Dungeon (7/15)             Temple (1/1) D:7

Altars:
Ashenzari
Dithmenos
Fedhas
Gozag
Hepliaklqana
Kikubaaqudgha
Makhleb
Nemelex Xobeh
Okawaru
Qazlal
Ru
Sif Muna
Trog
Uskayaw
Vehumet
Wu Jian
Xom

Shops:
D:4 [   D:6 *

Annotations:
D:6 exclusion: downstairs


Innate Abilities, Weirdness & Mutations

You may rarely emit foul miasma when damaged in melee.
Your movements are slightly less encumbered by armour. (ER -2)
You have a tail ending in a sharp stinger.


Message History

The centaur kicks you but does no damage.
You barely miss the centaur.
The centaur is severely wounded.
You slice the centaur!!
You kill the centaur!
Okawaru accepts your kill.
Your base Long Blades skill increases to level 11!
You closely miss the hound. The hound barely misses you.
You slice the hound!!
You kill the hound!
Okawaru accepts your kill.
You barely miss something. You completely miss something.
Something hits you but does no damage.
You closely miss something. Something barely misses you.
You barely miss something. You slash something! Something hits you.
Something shocks you.
You slice something!! Okawaru accepts your kill.
Reactivating autopickup.
You feel a bit more experienced.
The black bear bites you but does no damage.
You block the black bear's attack.
The black bear claws you but does no damage.
There is an open door, spattered with blood here.
You see here a +0 shortbow.
You hit the black bear.
The black bear is lightly wounded.
The black bear bites you but does no damage.
The black bear barely misses you.
The black bear claws you but does no damage.
You slash the black bear! You tail-slap the black bear.
The black bear is severely wounded.
The black bear completely misses you.
The black bear claws you but does no damage. x2
You barely miss the black bear.
The black bear is severely wounded.
You slash the black bear!
You kill the black bear!
Okawaru accepts your kill.
No target in view!
Found 16 gold pieces.
Found a scroll of identify.
You now have 147 gold pieces (gained 16).
Q - a potion of curing {@q1}
R - 3 scrolls of identify {@r1} (gained 1)
You feel like a meek peon again.
You see here the +0 robe of Nopaowa {Slay+5}.
You open the door.
There is an open door here.
A scorpion comes into view.
A scorpion is nearby!
A scorpion is nearby!
The scorpion stings you but does no damage.
You hit the scorpion.
The scorpion is moderately wounded.
The scorpion stings you but does no damage.
You hit the scorpion.
The scorpion is moderately wounded.
The scorpion stings you.
You closely miss the scorpion.
The scorpion is moderately wounded.
The scorpion stings you but does no damage.
You hit the scorpion but do no damage.
The scorpion is moderately wounded.
The scorpion stings you but does no damage.
You closely miss the scorpion.
The scorpion is moderately wounded.
The scorpion barely misses you.
You slash the scorpion!
The scorpion is severely wounded.
The scorpion stings you but does no damage.
You hit the scorpion.
You kill the scorpion!
Okawaru accepts your kill.
No target in view!
A two-headed ogre comes into view.
It is wielding a +0 giant club and a +0 giant spiked club.
The two-headed ogre shouts in stereo!
A two-headed ogre is nearby!
You gain the combat prowess of a mighty hero.
You hit the two-headed ogre but do no damage.
The two-headed ogre hits you but does no damage.
You block the two-headed ogre's attack.
You slash the two-headed ogre!
The two-headed ogre is lightly wounded.
You slash the two-headed ogre! You tail-slap the two-headed ogre.
The two-headed ogre is heavily wounded.
The two-headed ogre hits you with a +0 giant club!!
The two-headed ogre hits you with a +0 giant spiked club!!
* * * LOW HITPOINT WARNING * * *
You are too injured to fight recklessly!
You are too injured to fight recklessly!
You hit the two-headed ogre.
The two-headed ogre is heavily wounded.
You closely miss the two-headed ogre.
You tail-slap the two-headed ogre, but do no damage.
The two-headed ogre is heavily wounded.
You slash the two-headed ogre! You tail-slap the two-headed ogre.
The two-headed ogre is almost dead.
The two-headed ogre hits you with a +0 giant club!!
You die...

...#######.....##.###)##..##.....
..##..#..##.....<.##.......##.8.#
.##..#.#..##................#...#
##..#...#..########..............
#..#..#..#..# .# #..>.....######
#.#..#.#..#.## #. #........# #
)#..#.[.#..#'## .##........# #
#.#..#.#..#.#.###O#........######
#..#..#..#..#...@.#.)...........#
##..#...#..####+###.............#
###..#.#..## ##.............
.###..#..## ##....##....##
[.######## ##.........## ...#
#..####...## ...# #.## #...##
...# #.# #....# ...# #.# #.....


You could see a two-headed ogre.

Vanquished Creatures
  Joseph (D:7)
  2 wyverns (D:7)
  Duvessa (D:7)
  An orc warrior (D:6)
  2 ice beasts
  A sky beast (D:7)
  A black bear (D:7)
  4 centaurs
  A phantom (D:6)
  A kobold brigand (D:3)
  3 bullfrogs
  6 scorpions
  Dowan (D:7)
  2 howler monkeys
  4 hounds
  5 jellies
  An orc priest (D:6)
  A gnoll bouda (D:6)
  2 sleepcaps (D:6)
  2 iguanas (D:4)
  2 orc wizards
  8 adders
  13 gnolls
  11 river rats (D:5)
  A white imp (D:6)
  An ufetubus (D:6)
  3 worms
  2 dart slugs
  13 orcs
  2 bats
  10 endoplasms
  5 giant cockroaches
  8 goblins
  4 hobgoblins
  11 jackals
  8 quokkas
  6 ball pythons
  2 frilled lizards (D:1)
  14 kobolds
  20 rats
186 creatures vanquished.

Vanquished Creatures (others)
  A hound (D:4)
  An adder (D:4)
  A ball python (D:4)
  A hobgoblin (D:4)
  A kobold (D:4)
5 creatures vanquished.

Grand Total: 191 creatures vanquished

Notes
Turn   | Place    | Note
-------+----------+-------------------------------------------
     0 | D:1      | Dani the Demonspawn Fighter began the quest for the Orb.
     0 | D:1      | Reached XP level 1. HP: 18/18 MP: 1/1
   106 | D:1      | Reached skill level 2 in Axes
   386 | D:1      | Gained mutation: You may rarely emit foul miasma when
                  | damaged in melee. [demonic ancestry]
   386 | D:1      | Reached XP level 2. HP: 22/24 MP: 2/2
  1110 | D:2      | Reached skill level 1 in Long Blades
  1110 | D:2      | Gained mutation: Your movements are slightly less
                  | encumbered by armour. (ER -2) [demonic ancestry]
  1110 | D:2      | Reached XP level 3. HP: 25/29 MP: 3/3
  1255 | D:2      | Reached skill level 2 in Long Blades
  1702 | D:3      | Reached XP level 4. HP: 35/35 MP: 4/4
  2039 | D:3      | Noticed a kobold brigand
  2043 | D:3      | Reached skill level 3 in Long Blades
  2050 | D:3      | Killed a kobold brigand
  2051 | D:3      | Reached XP level 5. HP: 29/41 MP: 5/5
  2138 | D:3      | HP: 9/41 [something/magic dart (7)]
  2142 | D:3      | Reached skill level 4 in Long Blades
  2682 | D:4      | Reached XP level 6. HP: 25/47 MP: 6/6
  2792 | D:4      | Found a shimmering altar of Xom.
  2816 | D:4      | Reached skill level 5 in Long Blades
  2933 | D:4      | Identified the +0 rapier of the Ship {flame, rC+ MP+9 Int+8
                  | Dex-5}
  2963 | D:4      | You fall into a shaft and drop 3 floors!
  2971 | D:7      | Found a staircase to the Ecumenical Temple.
  2980 | Temple   | Entered the Ecumenical Temple
  2980 | Temple   | Found a transporter.
  2980 | Temple   | Found a transporter.
  2982 | Temple   | Found a transporter.
  2982 | Temple   | Found a transporter.
  3013 | Temple   | Became a worshipper of Warmaster Okawaru
  3041 | D:7      | Noticed a hornet
  3198 | D:5      | Entered Level 5 of the Dungeon
  3804 | D:4      | Reached skill level 6 in Long Blades
  3823 | D:4      | Noticed an ice beast
  3832 | D:4      | HP: 9/47 [ice beast (5)]
  3842 | D:4      | Killed an ice beast
  3843 | D:4      | Reached XP level 7. HP: 43/52 MP: 7/7
  3937 | D:4      | Reached * piety under Okawaru
  4280 | D:4      | HP: 13/52 [poisoned by a gnoll]
  4285 | D:4      | HP: 9/52 [poisoned by a gnoll]
  4499 | D:4      | Found Etakynaf's Antique Armour Shoppe.
  4504 | D:4      | Bought a runed scarf for 176 gold pieces
  4874 | D:5      | Reached skill level 1 in Invocations
  4934 | D:5      | Reached skill level 7 in Long Blades
  4956 | D:5      | Reached skill level 2 in Invocations
  5239 | D:5      | Reached skill level 3 in Invocations
  5517 | D:6      | Gained mutation: You have a small tail. [demonic ancestry]
  5517 | D:6      | Reached XP level 8. HP: 57/58 MP: 10/10
  5707 | D:6      | Reached skill level 8 in Long Blades
  5707 | D:6      | Reached skill level 4 in Invocations
  5904 | D:6      | Reached ** piety under Okawaru
  5946 | D:6      | Found Tiocuuw's Assorted Antiques.
  5977 | D:6      | Bought a scroll labelled KIOTWY DAS TEN for 25 gold pieces
  5977 | D:6      | Bought a scroll labelled KIOTWY DAS TEN for 25 gold pieces
  6046 | D:6      | Reached skill level 5 in Invocations
  6556 | D:6      | Reached skill level 9 in Long Blades
  6628 | D:7      | Reached skill level 6 in Invocations
  6634 | D:7      | a hornet changed into a wyvern
  6688 | D:7      | Gained mutation: You have a tail ending in a sharp stinger.
                  | [demonic ancestry]
  6688 | D:7      | Reached XP level 9. HP: 29/63 MP: 10/13
  6831 | D:7      | Noticed Joseph
  6848 | D:7      | Killed Joseph
  6849 | D:7      | Reached skill level 10 in Long Blades
  7221 | D:7      | Noticed Duvessa
  7222 | D:7      | Noticed Dowan
  7227 | D:7      | Killed Duvessa
  7238 | D:7      | Killed Dowan
  7246 | D:7      | HP: 15/63 [poisoned by Dowan]
  7572 | D:7      | Reached *** piety under Okawaru
  7604 | D:7      | Reached skill level 11 in Long Blades
  7633 | D:7      | Identified the +0 robe of Nopaowa {Slay+5}
  7660 | D:7      | Noticed a two-headed ogre
  7668 | D:7      | Slain by a two-headed ogre

Illustrated notes

Levels and vault maps discovered:
D:1:      dpeg_arrival_simpleton_b, layout_loops_ring, serial_bayou_pond_c,
          minmay_misc_feat_five, minmay_parallelograms
D:2:      layout_basic
D:3:      layout_rooms, serial_rivers, chequers_serial_rivers_small_a,
          chequers_serial_rivers_micro_d, chequers_serial_rivers_small_a,
          chequers_serial_rivers_micro_b, minmay_misc_feat_encased
D:4:      layout_loops_cross, xom_confusion_cloud, serial_shops,
          nicolae_shop_tiny_waterfront, serial_glass, glass_columns_c,
          glass_columns_b, glass_columns_b, glass_columns_c, glass_columns_b,
          glass_columns_a, glass_columns_b, glass_columns_b,
          kennysheep_generic_room_6
D:5:      lemuel_ratsnest, layout_loops_cross
D:6:      layout_basic, serial_shops, shop, chequers_arboretum
D:7:      minmay_the_grid_octo_tiled_squarecenter
          [minmay_the_grid_octo_thin_diamonds, minmay_the_grid_octo_toaster,
          minmay_the_grid_octo_clover, minmay_the_grid_octo_empty,
          minmay_the_grid_square_5x5_megaprize_crossed,
          minmay_the_grid_square_5x5_v, minmay_the_grid_square_5x5_seven,
          minmay_the_grid_square_5x5_two_walls_a,
          minmay_the_grid_square_5x5_hourglass], layout_rooms,
          minmay_temple_entry_waves, uniq_duvessa, uniq_joseph
Temple:   hellmonk_temple_divided_pantheon

Skill      XL: |  1  2  3  4  5  6  7  8  9 |
---------------+----------------------------+-----
Axes           | 2 |  2.9
Long Blades    | 1 2 3 4 6 7 9 11 | 11.4
Invocations    | 3 6 |  6.0
Fighting       | |  3.0
Armour         | |  2.6
Shields        | |  2.6

Action                     |  1- 3 |  4- 6 |  7- 9 || total
---------------------------+-------+-------+-------++-------
  Melee: War axe           |    50 |       |       ||    50
         Demon blade       |    46 |   211 |   317 ||   574
         Tailslap          |       |       |    36 ||    36
 Invoke: Heroism           |       |       |     5 ||     5
  Evoke: Wand              |       |       |     3 ||     3
    Use: Scroll            |     5 |     6 |     1 ||    12
         Potion            |       |     4 |       ||     4
 Armour: Scale mail        |    42 |   107 |   130 ||   279
  Dodge: Dodged            |    44 |    81 |   118 ||   243
  Block: Buckler           |    20 |    53 |    80 ||   153

Levels and vault maps discovered:
D:1:      dpeg_arrival_simpleton_b, layout_loops_ring, serial_bayou_pond_c,
          minmay_misc_feat_five, minmay_parallelograms
D:2:      layout_basic
D:3:      layout_rooms, serial_rivers, chequers_serial_rivers_small_a,
          chequers_serial_rivers_micro_d, chequers_serial_rivers_small_a,
          chequers_serial_rivers_micro_b, minmay_misc_feat_encased
D:4:      layout_loops_cross, xom_confusion_cloud, serial_shops,
          nicolae_shop_tiny_waterfront, serial_glass, glass_columns_c,
          glass_columns_b, glass_columns_b, glass_columns_c, glass_columns_b,
          glass_columns_a, glass_columns_b, glass_columns_b,
          kennysheep_generic_room_6
D:5:      lemuel_ratsnest, layout_loops_cross
D:6:      layout_basic, serial_shops, shop, chequers_arboretum
D:7:      minmay_the_grid_octo_tiled_squarecenter
          [minmay_the_grid_octo_thin_diamonds, minmay_the_grid_octo_toaster,
          minmay_the_grid_octo_clover, minmay_the_grid_octo_empty,
          minmay_the_grid_square_5x5_megaprize_crossed,
          minmay_the_grid_square_5x5_v, minmay_the_grid_square_5x5_seven,
          minmay_the_grid_square_5x5_two_walls_a,
          minmay_the_grid_square_5x5_hourglass], layout_rooms,
          minmay_temple_entry_waves, uniq_duvessa, uniq_joseph
Temple:   hellmonk_temple_divided_pantheon

Table legend: (Time is in decaauts)
 A = Elapsed time spent in this place.
 B = Non-inter-level travel time spent in this place.
 C = Inter-level travel time spent in this place.
 D = Time resting spent in this place.
 E = Time spent auto-exploring this place.
 F = Levels seen in this place.
 G = Mean time per level.
                   A        B        C        D        E       F      G
               +--------+--------+--------+--------+--------+-----+--------+
         Total |   7718 |   7376 |    342 |    304 |   5575 |   8 |  964.8 |
       Dungeon |   7671 |   7358 |    313 |    304 |   5570 |   7 | 1095.9 |
        Temple |     46 |     17 |     29 |      0 |      5 |   1 |   46.0 |
               +--------+--------+--------+--------+--------+-----+--------+

Top non-repeatable levels by time:
     D:4: 1720 daAuts
     D:6: 1292 daAuts
     D:5: 1061 daAuts
     D:2: 1031 daAuts
     D:7: 1028 daAuts
     D:1: 794 daAuts
     D:3: 742 daAuts
  Temple: 46 daAuts

Table legend:
 A = Kills in this place as a percentage of kills in the entire game.
 B = Kills by you in this place as a percentage of kills by you in the entire game.
 C = Kills by friends in this place as a percentage of kills by friends in the entire game.
 D = Other kills in this place as a percentage of other kills in the entire game.
 E = Experience gained in this place as a percentage of experience gained in the entire game.
 F = Experience gained in this place divided by the number of levels of this place that you have seen.
                   A       B       C       D       E      F
               +-------+-------+-------+-------+-------+----------------------
         Total | 100.0 | 100.0 |   N/A |   N/A | 100.0 | 571.6
       Dungeon | 100.0 | 100.0 |   N/A |   N/A | 100.0 | 653.3
               +-------+-------+-------+-------+-------+----------------------
